 Dungeon Crawl Stone Soup version 0.27.1-35-g4d5d836560 (webtiles) character file.

Game seed: 5513421070163936625

193 Delamore the Sneak (level 5, -1/36 HPs)
             Began as an Octopode Brigand on June 10, 2022.
             Shot with a sling bullet by a hobgoblin (12 damage)
             ... on level 3 of the Dungeon.
             The game lasted 00:02:28 (3402 turns).

Delamore the Sneak (Octopode Brigand)               Turns: 3402, Time: 00:02:28

Health: -1/36      AC:  1    Str: 10    XL:     5   Next: 72%
Magic:  5/5        EV: 13    Int: 14    God:
Gold:   119        SH:  4    Dex: 14    Spells: 4/4 levels left

rFire    + . .     SeeInvis .   a - +2 dagger
rCold    . . .     Faith    .   g - +0 buckler
rNeg     . . .     Spirit   .   (helmet restricted)
rPois    .         Reflect  .   (no amulet)
rElec    .         Harm     .   l - ring of protection from fire
rCorr    .         Rampage  .   (no ring)
Will     .....                  (no ring)
Stlth    ++++......             (no ring)
HPRegen  0.12/turn              (no ring)
MPRegen  0.09/turn              (no ring)
                                (no ring)
                                (no ring)

@: no status effects
A: almost no armour, amphibious, 8 rings, camouflage 1, gelatinous body 1,
(nimble swimmer 1), tentacles
a: no special abilities


You were on level 3 of the Dungeon.
You visited 1 branch of the dungeon, and saw 3 of its levels.

You collected 119 gold pieces.

Inventory:

Hand Weapons
 a - a +2 dagger (weapon)
Missiles
 b - 27 poisoned darts (quivered)
 f - 80 stones
Armour
 g - a +0 buckler (worn)
Jewellery
 l - a ring of protection from fire (left tentacle)
Scrolls
 d - a scroll of silence
 e - a scroll of teleportation
 i - a scroll of amnesia
 m - a scroll of noise
Potions
 h - a potion of curing {unknown}
 j - 2 potions of haste
 k - 2 potions of brilliance


   Skills:
 + Level 3.3 Fighting
 - Level 2.0 Short Blades
 + Level 3.3 Throwing
 + Level 2.7 Dodging
 - Level 5.3 Stealth
 * Level 2.3 Shields


You had 4 spell levels left.
You didn't know any spells.
Your spell library was empty.

Dungeon Overview and Level Annotations

Branches:
Dungeon (3/15)

Altars:
Beogh

Shops:
D:3 [


Innate Abilities, Weirdness & Mutations

You cannot wear most types of armour.
You are amphibious.
You can wear up to eight rings at the same time.
Your skin changes colour to match your surroundings (Stealth+).
Your rubbery body absorbs attacks. (AC +1, EV +1)
((You are camouflaged near water. (Stealth+)))
You have tentacles for arms and can constrict up to eight enemies at once.


Message History

You kill the jackal!
The helpless jackal fails to defend itself.
You impale the jackal!!
You kill the jackal!
No target in view!
No target in view!
No target in view!
No target in view!
No target in view!
No target in view!
You see here a hobgoblin corpse.
You see here a staff of cold.
An adder comes into view.
The adder moves out of view.
A goblin comes into view. It is wielding a +0 hunting sling.
A goblin is nearby!
A goblin and a hobgoblin come into view.
The hobgoblin shoots a sling bullet.
The sling bullet misses you.
The hobgoblin shoots a sling bullet.
The sling bullet hits you.
Found a purple potion.
The goblin shoots a stone.
The stone closely misses you.
The hobgoblin shoots a sling bullet.
The sling bullet hits you!
The goblin shoots a stone.
The stone closely misses you.
The hobgoblin shoots a sling bullet.
The sling bullet hits you!
You are too injured to fight recklessly!
You are too injured to fight recklessly!
You are too injured to fight recklessly!
You are too injured to fight recklessly!
You are too injured to fight recklessly!
You are too injured to fight recklessly!
Okay, then.
Throw: dart (curare)
Press: ? - help, Q - select action, (/) - cycle Shift-Dir - straight line, f - hobgoblin
Aim: a hobgoblin, wielding a +0 hunting sling and quivering sling bullets (60% to hit)
You throw a curare-tipped dart.
The curare-tipped dart barely misses the hobgoblin.
The goblin shoots a stone.
The stone barely misses you.
The hobgoblin shoots a sling bullet.
The sling bullet barely misses you.
The goblin shoots a stone.
The stone misses you.
The hobgoblin shoots a sling bullet.
The sling bullet hits you!
You die...

#.# ####### #.#
#.......... ...# #.#
#.... .... ....
#.######## #..# !..#
.#..
#........###..###.#.####
>...
......................(.
....
........................
....
≈≈≈≈.≈≈..≈≈≈.≈....g.≈≈≈.
≈≈≈.
≈≈≈≈≈≈≈≈≈≈≈≈≈≈..@.g.≈≈≈≈
≈≈≈≈
≈≈≈≈≈≈≈≈≈≈≈≈≈≈≈....≈≈≈≈≈
≈≈≈
≈≈≈≈≈≈≈≈≈≈≈≈≈≈....g≈≈≈≈≈
≈≈≈
################++######
###


You could see a hobgoblin and 2 goblins.

Vanquished Creatures
  An orc priest (D:3)
  An iguana (D:3)
  Natasha (D:3)
  3 adders
  5 dart slugs
  4 orcs (D:3)
  9 bats
  9 endoplasms
  3 giant cockroaches
  2 goblins (D:1)
  6 hobgoblins
  4 jackals
  3 quokkas
  4 ball pythons
  4 frilled lizards
  5 kobolds
  5 rats
69 creatures vanquished.

Notes
Turn   | Place    | Note
-------+----------+-------------------------------------------
     0 | D:1      | Delamore the Octopode Brigand began the quest for the Orb.
     0 | D:1      | Reached XP level 1. HP: 14/14 MP: 1/1
   246 | D:1      | Reached XP level 2. HP: 18/19 MP: 2/2
   461 | D:1      | Found a faded altar of an unknown god.
   665 | D:1      | Reached XP level 3. HP: 24/25 MP: 3/3
  1463 | D:2      | Reached XP level 4. HP: 14/30 MP: 4/4
  2292 | D:2      | Reached skill level 1 in Shields
  2578 | D:3      | Reached XP level 5. HP: 36/36 MP: 5/5
  2582 | D:3      | Noticed Natasha
  2590 | D:3      | Killed Natasha
  3301 | D:3      | Found Ekhlabb's Antique Armour Boutique.
  3402 | D:3      | Shot with a sling bullet by a hobgoblin

Illustrated notes

Levels and vault maps discovered:
D:1:      dpeg_arrival_more_subterranean_lakeside_camping, layout_loops_cross,
          hellmonk_ecumenical_altar_defaced_shrine
D:2:      layout_basic
D:3:      minmay_goblin_kobold_castle, layout_loops_ring, serial_shops, shop,
          minivault_14, kennysheep_flooded_box, uniq_natasha

Skill      XL: |  1  2  3  4  5 |
---------------+----------------+-----
Dodging        | 2 |  2.7
Throwing       | 3 |  3.3
Shields        | 1 2 |  2.3
Fighting       | 3 |  3.3
Short Blades   | |  2.0
Stealth        | |  5.3

Action                   |  1- 3 |  4- 6 || total
-------------------------+-------+-------++-------
Melee: Dagger            |    74 |    50 ||   124
       Constrict         |    14 |    15 ||    29
       Tentacles         |     7 |     7 ||    14
Throw: Dart              |       |     9 ||     9
  Use: Scroll            |       |     6 ||     6
 Stab: Sleeping          |    11 |    12 ||    23
Armor: Skin              |     3 |       ||     3
Dodge: Dodged            |    43 |    24 ||    67
Block: Buckler           |     2 |     7 ||     9
